 Dungeon Crawl Stone Soup version 0.28.0-45-g0d030f2227 (webtiles) character file.

Game seed: 2331784792569118437

515 issech the Cudgeller (level 7, -18/67 HPs)
             Began as a Troll Monk on Apr 10, 2022.
             Killed from afar by an acid dragon (28 damage)
             ... with a splash of acid
             ... on level 4 of the Dungeon.
             The game lasted 00:12:28 (3691 turns).

issech the Cudgeller (Troll Monk)                   Turns: 3691, Time: 00:12:29

Health: -18/67     AC:  5    Str: 20    XL:     7   Next: 0%
Magic:  6/6        EV: 11    Int:  6    God:
Gold:   135        SH:  0    Dex: 14    Spells: 6/6 levels left

rFire   . . .      SeeInvis .   f - +0 flail (protect)
rCold   . . .      Faith    .   (no shield)
rNeg    + . .      Spirit   .   b - +0 robe
rPois   .          Reflect  .   (helmet restricted)
rElec   .          Harm     .   A - +0 cloak
rCorr   .          Rampage  .   (gloves unavailable)
Will    .....                   (boots unavailable)
Stlth   ++........              (no amulet)
HPRegen 1.01/turn               E - ring of positive energy
MPRegen 0.10/turn               (no ring)

@: no status effects
A: large, unfitting armour, claws 3, regeneration 1, shaggy fur 1, tough skin 1
a: no special abilities


You were on level 4 of the Dungeon.
You visited 1 branch of the dungeon, and saw 4 of its levels.

You collected 135 gold pieces.

Inventory:

Hand Weapons
 a - a +0 mace
 f - a +0 flail of protection (weapon)
 l - a +0 long sword
 s - a +0 vorpal hunting sling
 y - a +0 dagger of draining
 z - a +4 quarterstaff of chaos
Missiles
 c - 33 sling bullets
 d - 117 arrows
 i - 30 bolts
 q - 5 poisoned darts
 r - 100 stones (quivered)
Armour
 b - a +0 robe (worn)
 x - a +0 cloak
 A - a +0 cloak (worn)
Jewellery
 E - a ring of positive energy (left claw)
Wands
 h - a wand of flame (10)
Scrolls
 g - 3 scrolls of noise
 k - a scroll of silence
 m - a scroll of fear
 o - 3 scrolls of magic mapping
 t - 2 scrolls of enchant weapon
 u - a scroll of vulnerability
 B - a scroll of immolation
Potions
 e - a potion of degeneration {unknown}
 j - a potion of flight {unknown}
 n - a potion of haste {unknown}
 p - a potion of berserk rage {unknown}
 v - a potion of cancellation {unknown}
 w - a potion of lignification {unknown}
 C - a potion of mutation {unknown}
 D - a potion of curing {unknown}


   Skills:
 + Level 3.6 Fighting
 + Level 0.7 Long Blades
 + Level 5.3 Maces & Flails
 + Level 0.4 Throwing
 + Level 3.6 Dodging
 + Level 1.6 Stealth


You had 6 spell levels left.
You didn't know any spells.
Your spell library contained the following spells:

 Spells                   Type           Power      Damage    Failure   Level
 Corpse Rot               Necr/Air       0%         N/A       58%         2
 Poisonous Vapours        Pois/Air       0%         N/A       58%         2
 Fulminant Prism          Conj/Hex       0%         3d6       99%         4
 Iskenderun's Mystic Bla  Conj/Tloc      0%         2d3       99%         4
 Lee's Rapid Deconstruct  Erth           0%         3d5*      100%        5


Dungeon Overview and Level Annotations

Branches:
Dungeon (4/15)
 Temple: D:4-7

Altars:
Okawaru
Trog
Uskayaw
Wu Jian
Yredelemnul

Shops:
D:4 !


Innate Abilities, Weirdness & Mutations

You are too large for most types of armour.
You have claws for hands.
Your natural rate of healing is unusually fast.
You are covered in fur. (AC +1)
You have tough skin. (AC +1)


Message History

You closely miss the acid dragon.
The acid dragon is lightly wounded.
The acid dragon spits acid at you. The splash of acid hits you!
You barely miss the acid dragon.
The acid dragon is lightly wounded.
The acid dragon barely misses you.
The acid dragon claws you but does no damage.
You closely miss the acid dragon.
The acid dragon is lightly wounded.
The acid dragon closely misses you. The acid dragon claws you.
You closely miss the acid dragon. Your claw misses the acid dragon.
The acid dragon is lightly wounded.
The acid dragon spits acid at you. The splash of acid hits you!!
The acid corrodes you!
You closely miss the acid dragon.
The acid dragon is lightly wounded.
The acid dragon barely misses you. The acid dragon claws you.
You hit the acid dragon.
Your weapon exudes an aura of protection.
The acid dragon is lightly wounded.
The acid dragon bites you but does no damage.
The acid dragon barely misses you. The acid dragon bites you.
The acid dragon claws you.
* * * LOW HITPOINT WARNING * * *
You barely miss the acid dragon.
The acid dragon is lightly wounded.
The acid dragon barely misses you. The acid dragon claws you.
* * * LOW HITPOINT WARNING * * *
Unknown command.
You completely miss the acid dragon. The acid dragon bites you!
* * * LOW HITPOINT WARNING * * *
The acid dragon claws you.
* * * LOW HITPOINT WARNING * * *
The acid dragon spits acid at you. The splash of acid misses you.
You are no longer corroded.
The acid dragon spits acid at you. The splash of acid hits you!!
You die...

#.......# ..
#####.......## .#
#................ ###
#)###........##..
##.###.###.###.##.#
##..[............#.#
#..##.###.###.##...#####
##.#...........#.#.....#
#...##.###.##..@#.###.#
##.#.#.......#.#.#.#...#
#..#...##.##...#..##.#.#
##.#[#.#...#.#.#D###.#.#
#...#...#...#...###.#####
##.#.#.#...#.#.#.#.......#
#..#...##.##...#...#######
##.#.#.......#.#.###
##...##.###.##...#


You could see an acid dragon (catching breath).

Vanquished Creatures
  2 black bears (D:4)
  A wyvern skeleton (D:4)
  A jelly (D:3)
  Crazy Yiuf (D:3)
  An iguana (D:4)
  Natasha (thrice) (D:3)
  3 adders (D:2)
  An adder skeleton (D:4)
  2 worms
  2 dart slugs
  3 orcs
  6 endoplasms
  2 giant cockroaches (D:2)
  9 goblins
  5 hobgoblins
  9 jackals
  5 kobolds
  4 quokkas
  8 ball pythons
  2 bats
  3 frilled lizards
  4 rats
77 creatures vanquished.

Notes
Turn   | Place    | Note
-------+----------+-------------------------------------------
     0 | D:1      | issech the Troll Monk began the quest for the Orb.
     0 | D:1      | Reached XP level 1. HP: 22/22 MP: 0/0
   175 | D:1      | Found a faded altar of an unknown god.
   287 | D:1      | Reached XP level 2. HP: 29/29 MP: 1/1
   391 | D:1      | Reached skill level 3 in Maces & Flails
   885 | D:2      | Reached XP level 3. HP: 30/36 MP: 2/2
  1350 | D:2      | Reached XP level 4. HP: 44/44 MP: 3/3
  1710 | D:2      | Identified the +1 leather armour of Ledatsiu {Str+5 Dex-2}
  1905 | D:3      | Noticed Natasha
  1997 | D:3      | Killed Natasha
  2016 | D:3      | Found an ornate altar of the Wu Jian Council.
  2079 | D:3      | Noticed Natasha
  2112 | D:3      | Killed Natasha
  2148 | D:3      | Noticed Natasha
  2158 | D:3      | Killed Natasha
  2159 | D:3      | Reached XP level 5. HP: 47/53 MP: 4/4
  2230 | D:3      | Reached skill level 4 in Maces & Flails
  2669 | D:3      | Found a basalt altar of Yredelemnul.
  2679 | D:3      | Found an iron altar of Okawaru.
  2831 | D:3      | Found a runed translucent door.
  2832 | D:3      | Noticed Crazy Yiuf
  2842 | D:3      | Killed Crazy Yiuf
  3118 | D:3      | Found a bloodstained altar of Trog.
  3291 | D:4      | Reached XP level 6. HP: 46/61 MP: 5/5
  3419 | D:4      | Reached skill level 5 in Maces & Flails
  3444 | D:4      | Found a hide-covered altar of Uskayaw.
  3477 | D:4      | Found Biliaj's Distillery.
  3595 | D:4      | Reached XP level 7. HP: 67/67 MP: 6/6
  3691 | D:4      | Killed from afar by an acid dragon

Illustrated notes

Levels and vault maps discovered:
D:1:      evilmike_arrival_plus, layout_loops_ring,
          hellmonk_ecumenical_altar_lost_god
D:2:      minmay_razor_zed, layout_basic
D:3:      layout_basic, trog_book, minitemple, mainiacjoe_overflow_alcove_1,
          uniq_natasha, uniq_crazy_yiuf_cottage
D:4:      layout_basic, eat_drink_and_be_merry_uskayaw, serial_shops,
          nicolae_shop_trees, shop, nicolae_concentric_dashed_squares_mild

Skill      XL: |  1  2  3  4  5  6 |
---------------+-------------------+-----
Maces & Flails | 3 4 5 |  5.3
Dodging        | 3 |  3.6
Fighting       | 3 |  3.6
Long Blades    | |  0.7
Throwing       | |  0.4
Stealth        | |  1.6

Action                   |  1- 3 |  4- 6 |  7- 9 || total
-------------------------+-------+-------+-------++-------
Melee: Mace              |    41 |       |       ||    41
       Long sword        |    23 |       |       ||    23
       Flail             |    30 |   188 |    15 ||   233
       Punch             |       |     2 |       ||     2
Throw: Dart              |     8 |       |       ||     8
       Stone             |       |     6 |       ||     6
  Use: Scroll            |       |     7 |       ||     7
 Stab: Sleeping          |     2 |     2 |       ||     4
Armor: Robe              |    43 |    90 |     7 ||   140
Dodge: Dodged            |    68 |   135 |    15 ||   218
